 Dungeon Sprint DCSS version 0.22.1-2-g9c5b331 (webtiles) character file.

273 diana the Covert (level 6, -3/30 HPs)
             Began as a Spriggan Assassin on Dec 14, 2018.
             Was a Priest of Dithmenos.
             Slain by a wight
             ... wielding a +0 scimitar
              (10 damage)
             ... in the Dungeon (Sprint VII: "The Pits").
             The game lasted 00:04:31 (770 turns).

diana the Covert (Spriggan Assassin)                 Turns: 770, Time: 00:04:32

Health: -3/30      AC:  3    Str:  7    XL:     6   Next: 2%
Magic:  11/13      EV: 16    Int: 12    God:    Dithmenos [***...]
Gold:   0          SH:  0    Dex: 20    Spells: 5/5 levels left

rFire    . . .     SeeInvis +   u - +0 long sword (flame)
rCold    . . .     Gourm    .   (shield restricted)
rNeg     . . .     Faith    .   c - +0 robe
rPois    .         Spirit   .   (helmet restricted)
rElec    .         Reflect  .   d - +0 cloak
rCorr    .         Harm     .   (gloves unavailable)
MR       +....     NoTele   +   (boots unavailable)
Stlth    ++++++++..             (no amulet)
HPRegen  0.10/turn              (no ring)
MPRegen  0.13/turn              (no ring)

@: wreathed by umbra, drained, very quick
A: very small, unfitting armour, see invisible, herbivore, speed 3, slow
metabolism 2
a: Shadow Step, Renounce Religion


You were in the Dungeon.
You worshipped Dithmenos.
Dithmenos was most pleased with you.
You were not hungry.

You visited 1 branch

Inventory:

Hand Weapons
 b - a +0 blowgun
 n - a +2 dagger
 o - a +2 falchion
 u - a +0 long sword of flaming (weapon)
Missiles
 e - 3 poisoned needles
Armour
 c - a +0 robe (worn)
 d - a +0 cloak (worn)
Scrolls
 m - a scroll of blinking
 q - 3 scrolls of remove curse
 r - 5 scrolls of amnesia
 s - a scroll of summoning
Potions
 h - 2 potions of heal wounds
 i - 5 potions of curing
 j - a potion of haste
 k - 4 potions of magic
 l - 2 potions of berserk rage
 p - 2 potions of invisibility
Comestibles
 g - 9 rations


   Skills:
 - Level 1.5(0.7) Fighting
 - Level 2.1(1.3) Short Blades
 - Level 2.0(1.1) Throwing
 - Level 1.5(0.6) Dodging
 + Level 14.7(13.5) Stealth
 + Level 8.2(7.2) Invocations


You had 5 spell levels left.
You didn't know any spells.
Your spell library was empty.

Dungeon Overview and Level Annotations

Branches:
Dungeon (1/1)

Altars:
Ashenzari
Cheibriados
Dithmenos
Elyvilon
Fedhas
Gozag
Hepliaklqana
Kikubaaqudgha
Makhleb
Nemelex Xobeh
Okawaru
Qazlal
Ru
Sif Muna
Trog
Uskayaw
Vehumet
Wu Jian
Xom
Yredelemnul
Zin
The Shining One
Beogh
Jiyva
Lugonu


Innate Abilities, Weirdness & Mutations

You are very small and have problems with some larger weapons.
You are too small for most types of armour.
You have supernaturally acute eyesight. (SInv)
You are a herbivore.
You cover ground extremely quickly.
You need to consume almost no food.


Message History

You hit the wight but do no damage.
The wight is almost destroyed.
The wight hits you with a scimitar!
You feel drained.
The wight hits you with an enchanted short sword.
* * * LOW HITPOINT WARNING * * *
You feel drained.
* * * LOW HITPOINT WARNING * * *
You closely miss the wight.
The wight is almost destroyed.
The wight closely misses you.
You riposte.
You hit the wight. You burn the wight.
You destroy the wight!
Dithmenos accepts your kill.
Your base Invocations skill increases to level 8!
You have reached level 6!
Your experience leads to an increase in your attributes!
Increase (S)trength, (I)ntelligence, or (D)exterity?
You feel agile. The wight hits you with a scimitar!
You die...

#_______...###########++
##########'##...........
#.?(.'.))'.##......#..#.
##########.##...........
#........(..'...........
#'#####'#####.z....#..#.
#.#.....#[[##...........
#z#.....#..#####z#####++
#(###'###))##..@)...#
#(#.....#))##.......#
#.#.....#).##.......#
#.####'##'###...<...#
#.#....)...##.......#
#.#........##.......#
#(###########.......#
#..#.#5## #########
#(......#


You could see a wight.

Vanquished Creatures
  A floating eye (D)
  An ice beast (D)
  A wight (D)
  A worker ant (D)
  A leopard gecko (D)
  A giant cockroach (D)
  A goblin (D)
  A hobgoblin (D)
  6 jackals (D)
  A rat (D)
15 creatures vanquished.

Notes
Turn   | Place    | Note
-------+----------+-------------------------------------------
     0 | D        | diana the Spriggan Assassin began the quest for the Orb.
     0 | D        | Reached XP level 1. HP: 10/10 MP: 2/2
    12 | D        | Reached skill level 7 in Stealth
    38 | D        | Found a glowing golden altar of the Shining One.
    38 | D        | Found a glowing silver altar of Zin.
    38 | D        | Found a basalt altar of Yredelemnul.
    38 | D        | Found a shimmering altar of Xom.
    38 | D        | Found an ornate altar of the Wu Jian Council.
    38 | D        | Found a bloodstained altar of Trog.
    38 | D        | Found a deep blue altar of Sif Muna.
    38 | D        | Found a sacrificial altar of Ru.
    38 | D        | Found a stormy altar of Qazlal.
    38 | D        | Found an iron altar of Okawaru.
    38 | D        | Found a sparkling altar of Nemelex Xobeh.
    38 | D        | Found a burning altar of Makhleb.
    38 | D        | Found a viscous altar of Jiyva.
    38 | D        | Found a hazy altar of Hepliaklqana.
    38 | D        | Found an opulent altar of Gozag.
    38 | D        | Found a blossoming altar of Fedhas.
    38 | D        | Found a white marble altar of Elyvilon.
    38 | D        | Found a shadowy altar of Dithmenos.
    38 | D        | Found a snail-covered altar of Cheibriados.
    39 | D        | Found a radiant altar of Vehumet.
    39 | D        | Found a corrupted altar of Lugonu.
    39 | D        | Found a roughly hewn altar of Beogh.
    40 | D        | Found an ancient bone altar of Kikubaaqudgha.
    40 | D        | Found a hide-covered altar of Uskayaw.
    40 | D        | Found a shattered altar of Ashenzari.
    45 | D        | Became a worshipper of Dithmenos the Shadowed
    86 | D        | Reached * piety under Dithmenos
    86 | D        | Reached skill level 8 in Stealth
    98 | D        | Reached XP level 2. HP: 7/14 MP: 3/3
    99 | D        | Reached ** piety under Dithmenos
    99 | D        | Reached skill level 9 in Stealth
   300 | D        | Noticed a floating eye
   313 | D        | Reached skill level 1 in Invocations
   332 | D        | Reached *** piety under Dithmenos
   332 | D        | Reached skill level 10 in Stealth
   332 | D        | Reached XP level 3. HP: 11/18 MP: 3/6
   333 | D        | Paralysed by a floating eye for 4 turns
   339 | D        | Killed a floating eye
   339 | D        | Reached skill level 12 in Stealth
   339 | D        | Reached XP level 4. HP: 11/22 MP: 3/9
   339 | D        | Reached XP level 5. HP: 12/25 MP: 3/10
   645 | D        | Noticed an ice beast
   706 | D        | Killed an ice beast
   706 | D        | Reached skill level 14 in Stealth
   770 | D        | Reached XP level 6. HP: 7/30 MP: 11/13
   770 | D        | Slain by a wight

Skill      XL: |  1  2  3  4  5 |
---------------+----------------+-----
Stealth        | 8 10 12 14 | 14.7
Invocations    | 3 6 8 |  8.2
Fighting       | |  1.5
Short Blades   | |  2.1
Throwing       | |  2.0
Dodging        | |  1.5

Action                   |  1- 3 |  4- 6 || total
-------------------------+-------+-------++-------
Melee: Dagger            |    32 |       ||    32
       Falchion          |    18 |    16 ||    34
       Long sword        |       |    18 ||    18
 Fire: Blowgun           |       |     7 ||     7
Invok: Shadow Step       |       |     1 ||     1
  Use: Potion            |     3 |     3 ||     6
 Stab: Sleeping          |     2 |     1 ||     3
Armor: Robe              |     9 |     3 ||    12
Dodge: Dodged            |    65 |    33 ||    98
       Rpst.: Falchion   |    11 |     6 ||    17
       Long sword        |       |     6 ||     6
